 Dungeon Crawl Stone Soup version 0.16.1-11-g651b585 (webtiles) character file.

156 Fridgeknight the Ducker (level 5, 0/38 HPs)
             Began as a Demonspawn Gladiator on Apr 4, 2015.
             Was a Follower of Kikubaaqudgha.
             Slain by an orc wizard
             ... wielding a +0 dagger
              (2 damage)
             ... on level 4 of the Dungeon.
             The game lasted 00:10:09 (4837 turns).

Fridgeknight the Ducker (Demonspawn Gladiator)      Turns: 4837, Time: 00:10:09

Health: 0/38       AC:  6    Str: 16    XL:     5   Next: 14%
Magic:  5/5        EV: 13    Int:  9    God:    Kikubaaqudgha [*.....]
Gold:   234        SH:  0    Dex: 14    Spells: 1 memorised, 3 levels left

rFire  + . .     SeeInvis .     a - +0 trident
rCold  . . .     Clarity  .     i - +0 leather armour
rNeg   . . .     SustAb   +     (no shield)
rPois  .         Gourm    .     c - +0 helmet
rElec  .         Spirit   .     g - +0 cloak
rCorr  .         Warding  .     s - +0 pair of gloves
rMut   .         Stasis   .     (no boots)
MR     .....                    (no amulet)
Stlth  +.........               x - ring of wizardry
                                e - ring of sustain abilities

@: not resistant to hostile enchantments, very unstealthy
A: fire resistance 1
a: Receive Corpses, Renounce Religion


You were on level 4 of the Dungeon.
You worshipped Kikubaaqudgha.
Kikubaaqudgha was aware of your devotion.
You were not hungry.

You visited 1 branch of the dungeon, and saw 4 of its levels.

You collected 234 gold pieces.

Inventory:

Hand weapons
 a - a +0 trident (weapon)
 b - a +0 hunting sling
Missiles
 d - 2 throwing nets
 n - 3 tomahawks (quivered)
 o - 126 stones
 u - 27 sling bullets
Armour
 c - a +0 helmet (worn)
 g - a +0 cloak (worn)
 i - a +0 leather armour (worn)
 s - a +0 pair of gloves (worn)
Jewellery
 e - a ring of sustain abilities (left hand)
 k - an uncursed ring of flight
 m - an uncursed ring of protection from cold
 x - a ring of wizardry (right hand)
Scrolls
 r - 2 scrolls of identify
Potions
 h - 4 potions of magic
 l - a potion of poison {unknown}
 p - 3 potions of curing {unknown}
 B - a potion of beneficial mutation {unknown}
Books
 t - Kikubaaqudgha's Incunabulum of Necromancy
   (Kikubaaqudgha gifted it to you on level 2 of the Dungeon)

   Spells                             Type                      Level
   a - Animate Skeleton               Necromancy                   1
   b - Corpse Rot                     Necromancy                   2
   c - Sublimation of Blood           Necromancy                   2
   d - Vampiric Draining              Necromancy                   3
   e - Control Undead                 Necromancy                   4
Comestibles
 f - 3 bread rations
 v - a slice of pizza
 w - a beef jerky
 z - 2 fruits
 A - a chunk of flesh


   Skills:
 - Level 2.0 Fighting
 - Level 2.8 Polearms
 + Level 2.2(3.0) Slings
 - Level 3.1(3.5) Throwing
 - Level 3.3 Dodging
 - Level 1.6 Necromancy


You had 3 spell levels left.
You knew the following spells:

 Your Spells              Type           Power        Failure   Level  Hunger
a - Animate Skeleton      Necr           N/A          12%         1    ##.....


Dungeon Overview and Level Annotations

Branches:
Dungeon (4/15)
 Temple: D:4-7

Altars:
Kikubaaqudgha
Okawaru


Innate Abilities, Weirdness & Mutations

Your flesh is heat resistant.


Message History

* * * LOW HITPOINT WARNING * * *
The orc closely misses you.
The orc wizard hits you but does no damage.
Press: ? - help, v - describe, . - travel
Here: an orc wizard, wielding a dagger and wearing a robe (fast, inner flame)
The floor.
Press: ? - help, v - describe, . - travel
Here: an orc wizard, wielding a dagger and wearing a robe (fast, inner flame)
The floor.
Unknown command.
You closely miss the orc.
The orc wizard hits you but does no damage.
The orc priest glows brightly for a moment.
The orc closely misses you. The orc hits you with a dagger.
* * * LOW HITPOINT WARNING * * *
The orc wizard hits you with a dagger.
* * * LOW HITPOINT WARNING * * *
The orc wizard hits you with a dagger.
You die...
Kikubaaqudgha rasps: "You have failed me!
Welcome... death!"

###(#.#######################
#(#.# ..... #o#.# ####.....#
#.#o# #........#
#.#.####........## #####
#####...o..'.......... .....
#.......####.oo.....# #####
#.(..........oooo..##
#.......####oo@###.#
#.......# ##### #.......#
#.......# #.......# .......#
#######


You could see an orc priest (inner flame), 2 orc wizards and 5 orcs.

Vanquished Creatures
  A water moccasin skeleton (D:4)
  Robin (D:2)
  2 adders (D:2)
  4 giant geckos
  An ooze (D:2)
  6 orcs
  3 bats
  A bat skeleton (D:4)
  17 goblins
  9 hobgoblins
  A quokka (D:2)
  3 giant cockroaches (D:1)
  A giant newt (D:1)
  8 kobolds
  4 rats
62 creatures vanquished.

Vanquished Creatures (collateral kills)
  A goblin (D:4)
1 creature vanquished.

Vanquished Creatures (others)
  A goblin skeleton (D:4)
  A hobgoblin skeleton (D:4)
  A rat skeleton (D:4)
3 creatures vanquished.

Grand Total: 66 creatures vanquished

Notes
Turn   | Place    | Note
--------------------------------------------------------------
     0 | D:1      | Fridgeknight, the Demonspawn Gladiator, began the quest for the Orb.
     0 | D:1      | Reached XP level 1. HP: 16/16 MP: 1/1
   183 | D:1      | Reached skill level 3 in Dodging
   391 | D:1      | Gained mutation: Your flesh is heat resistant. [demonic ancestry]
   391 | D:1      | Reached XP level 2. HP: 22/22 MP: 2/2
  1309 | D:2      | Found an ancient bone altar of Kikubaaqudgha.
  1318 | D:2      | Became a worshipper of Kikubaaqudgha
  1325 | D:2      | Noticed Robin
  1884 | D:2      | Reached XP level 3. HP: 7/27 MP: 3/3
  1906 | D:2      | HP: 1/27 [poisoned by an adder]
  2332 | D:2      | Killed Robin
  2817 | D:2      | Acquired Kikubaaqudgha's first power
  2817 | D:2      | Received a gift from Kikubaaqudgha
  2818 | D:2      | Identified Kikubaaqudgha's Incunabulum of Necromancy (Kikubaaqudgha gifted it to you on level 2 of the Dungeon)
  2821 | D:2      | Learned a level 1 spell: Animate Skeleton
  3022 | D:1      | Reached XP level 4. HP: 33/33 MP: 4/4
  3325 | D:2      | Reached skill level 1 in Necromancy
  3485 | D:3      | Found an iron altar of Okawaru.
  4337 | D:4      | Reached XP level 5. HP: 5/38 MP: 5/5
  4837 | D:4      | Slain by an orc wizard

Action                   |  1- 3 |  4- 6 || total
-------------------------+-------+-------++-------
Melee: Trident           |    90 |    52 ||   142
       Whip              |    99 |       ||    99
 Fire: Hunting sling     |    25 |    42 ||    67
Throw: Tomahawk          |     5 |       ||     5
       Throwing net      |     1 |       ||     1
 Cast: Animate Skeleton  |       |     5 ||     5
  Use: Potion            |     5 |       ||     5
       Scroll            |     4 |     4 ||     8
 Stab: Sleeping          |     1 |       ||     1
  Eat: Meat ration       |     1 |       ||     1
       Royal jelly       |     1 |       ||     1
       Chunk             |       |     4 ||     4
       Fruit             |       |     2 ||     2
